cohdb
Replays
Latest Replays
All Replays
Popular Replays
Top Player Replays
Match Explorer
How It Works
Community
CoH3 Stats
Reddit
Sign in to upload your games and track your stats! →
Sign in with Steam
Match 44012280
Unlisted
Match 44012280
Overview
Messages
Build Orders
End
Royal Engineer Section
Construct Section Command Post
Construct Section Command Post
Selects Indian Artillery Battlegroup
Selects Indian Artillery Battlegroup
Vickers Machine Gun Team
Infantry Section
Grenade Package
Selects War Cry
Construct Platoon Command Post
Unlock M3 Stuart Light Tanks
Selects Gurkha Rifles Section
Gurkha Rifles Section
M3 Stuart Light Tank
Construct Field Infirmary
Gurkha Rifles Section
Construct Company Command Post
Selects Artillery Saturation
Selects Off-map Airburst Barrage
Crusader II Medium Tank
Crusader II Medium Tank
Off-map Airburst Barrage
Matilda II Heavy Tank
Matilda II Heavy Tank
Selects BL5.5 Artillery Emplacement
Off-map Airburst Barrage
War Cry
Brother
robisan
Colonial Marines
DeutscherSchaferhund
Eisenshower
Theblack1718
0
0
Comments
sign in to comment!
No comments posted yet!